 Dungeon Crawl Stone Soup version 0.21-a0-95-g06f091e (webtiles) character file.

101299 MackTheKnife the Black Belt (level 15, -12/141 HPs)
             Began as a Black Draconian Transmuter on July 4, 2017.
             Was the Champion of Makhleb.
             Mangled by an Executioner (25 damage)
             ... summoned by the player character
             ... on level 3 of the Abyss.
             The game lasted 01:12:59 (28496 turns).

MackTheKnife the Black Belt (DrTm)                 Turns: 28496, Time: 01:13:00

Health: -12/141    AC: 18    Str: 17    XL:     15   Next: 83%
Magic:  33/33      EV: 19    Int: 17    God:    Makhleb [******]
Gold:   1072       SH:  0    Dex: 17    Spells: 23/30 levels left

rFire    + . .     SeeInvis +     - Unarmed
rCold    . . .     Gourm    .   (no shield)
rNeg     . . .     Faith    .   (armour unavailable)
rPois    +         Spirit   .   (helmet restricted)
rElec    +         Reflect  .   u - +2 cloak
rCorr    .         Harm     .   z - +2 pair of gloves
MR       ++...                  A - +2 pair of boots {Stlth+}
Stlth    +.........             q - amulet of regeneration {+regen, !d}
HPRegen  0.73/turn              S - ring "Caaf" {rPois MP+9 Str+4 Int+3 SInv Stlth-}
MPRegen  0.23/turn              T - ring of protection from magic {MR+, !d}

@: flying
A: breathe lightning, unfitting armour, big wings, fire resistance 1, low mp 1,
electricity resistance, cold-blooded, AC +9
a: Breathe Lightning, Stop Flying, Minor Destruction, Lesser Servant of Makhleb,
Major Destruction, Greater Servant of Makhleb, Renounce Religion


You were on level 3 of the Abyss.
You worshipped Makhleb.
Makhleb was exalted by your worship.
You were not hungry.

You visited 4 branches of the dungeon, and saw 24 of its levels.
You visited the Abyss 1 time.
You also visited: Labyrinth and Ossuary.

You collected 2543 gold pieces.
You spent 1471 gold pieces at shops.

Inventory:

Missiles
 a - 549 arrows
 f - 2 throwing nets {=f, !d}
Armour
 u - a +2 cloak (worn)
   (You found it on level 6 of the Dungeon)
 y - a scarf of cloud immunity
   (You found it on level 5 of the Dungeon)
 z - a +2 pair of gloves (worn)
   (You found it on level 5 of the Dungeon)
 A - a +2 pair of boots of stealth (worn)
   (You found it on level 10 of the Dungeon)
Jewellery
 q - an amulet of regeneration (around neck) {+regen, !d}
   (You found it on level 2 of the Dungeon)
 E - a +4 ring of protection
   (You found it on level 5 of the Lair of Beasts)
 I - an uncursed ring of ice {rC+, rF-}
   (You found it on level 5 of the Lair of Beasts)
 L - an uncursed amulet of guardian spirit {Spirit}
   (You found it on level 8 of the Dungeon)
 Q - an uncursed ring of protection from fire {rF+, !d}
   (You found it on level 13 of the Dungeon)
 S - the ring "Caaf" (left hand) {rPois MP+9 Str+4 Int+3 SInv Stlth-}
   (You bought it in a shop on level 2 of the Orcish Mines)

   [ring of intelligence]

   It affects your strength (+4).
   It affects your intelligence (+3).
   It protects you from poison.
   It affects your magic capacity (+9).
   It lets you see invisible.
   It makes you less stealthy.
 T - a ring of protection from magic (right hand) {MR+, !d}
   (You found it on level 4 of the Lair of Beasts)
 X - the amulet of Guopaep {Faith +Blink rN++ Dex+3}
   (You found it in a labyrinth)

   [amulet of faith]

   It allows you to gain divine favour quickly.
   It affects your dexterity (+3).
   It greatly protects you from negative energy.
   It lets you blink.
Wands
 b - a wand of acid (14/15)
   (You found it on level 2 of the Abyss)
 e - a wand of disintegration (2/24)
   (You found it on level 3 of the Dungeon)
 B - a wand of disintegration (16/24)
   (You found it on level 2 of the Abyss)
 D - a wand of paralysis (7/24)
   (You found it on level 4 of the Lair of Beasts)
Scrolls
 j - 2 scrolls of magic mapping {!r}
 n - 9 scrolls of remove curse
 v - a scroll of fear
 F - 2 scrolls of enchant armour
 N - 2 scrolls of recharging
 Y - 3 scrolls of identify
Potions
 c - 6 potions of cancellation
 d - a potion of resistance
 g - 2 potions of ambrosia
 i - 4 potions of magic
 k - 5 potions of brilliance
 o - 4 potions of berserk rage {!q}
 r - 9 potions of lignification {!q}
 s - 6 potions of curing
Miscellaneous
 l - a sack of spiders
 M - a lamp of fire
   (You found it on level 12 of the Dungeon)
 O - a phial of floods (inert)
   (You bought it in a shop on level 9 of the Dungeon)
 W - a box of beasts
Comestibles
 m - 9 meat rations {@e2}
 x - 10 royal jellies
 K - 34 fruits
 Z - 2 bread rations {@e1}


   Skills:
 + Level 15.0 Fighting
 - Level 9.3 Dodging
 + Level 15.5 Unarmed Combat
 - Level 8.3 Spellcasting
 - Level 6.1 Necromancy
 - Level 5.4 Transmutations
   Level 3.2 Poison Magic
 - Level 11.3 Invocations
 - Level 6.2 Evocations


You had 23 spell levels left.
You knew the following spells:

 Your Spells              Type           Power        Failure   Level  Hunger
s - Sticks to Snakes      Tmut           ####....     1%          2    None
z - Beastly Appendage     Tmut           ####..       1%          1    None
A - Animate Dead          Necr           N/A          9%          4    ###....


Dungeon Overview and Level Annotations

Branches:
Dungeon (15/15)            Temple (0/1) D:6            Lair (6/6) D:10
 Shoals (0/4) Lair:3        Snake (1/4) Lair:2        Slime (0/5) Lair:5
    Orc (2/2) D:12            Elf (0/3) Orc:2        Vaults (0/5) D:14
 Depths (0/5) D:15

Altars:
Ashenzari
Cheibriados
Fedhas
Gozag
Hepliaklqana
Makhleb
Trog
Uskayaw
Vehumet
Yredelemnul
Zin
The Shining One
Beogh

Shops:
D:9 }(%   Orc:2 =%%}   Snake:1 *

Annotations:
D:10 exclusions: ice statue and obsidian statue
D:11 exclusion: obsidian statue
D:12 exclusion: downstairs
Lair:3 exclusions: manticore and oklob plant


Innate Abilities, Weirdness & Mutations

You can breathe wild blasts of lightning.
Your glossy black scales are hard. (AC +9)
You cannot fit into any form of body armour.
Your large and strong wings let you fly indefinitely.
You are resistant to electric shocks. (rElec)
You are cold-blooded and may be slowed by cold attacks.
Your flesh is heat resistant. (rF+)
Your magical capacity is low. (-10% MP)


Message History

Your Executioner hits the golden dragon zombie but does no damage.
Your Executioner hits the golden dragon zombie.
The golden dragon zombie misses your Executioner.
The golden dragon zombie closely misses your Executioner.
The golden dragon zombie barely misses your Executioner.
The starcursed mass misses you.
Your Executioner hits the golden dragon zombie!!
Your Executioner hits the golden dragon zombie but does no damage. x2
You breathe a wild blast of lightning!
The orb of electricity explodes!
The orb of electricity engulfs you! You resist.
The orb of electricity engulfs your Executioner.
Your Executioner completely resists.
The orb of electricity engulfs the starcursed mass.
The orb of electricity engulfs the golden dragon zombie.
The orb of electricity engulfs the starcursed mass.
The zap hits the starcursed mass.
The starcursed mass appears unharmed.
The zap hits the starcursed mass. x3; The starcursed mass appears unharmed.
The orb of electricity explodes!
The orb of electricity engulfs the starcursed mass.
The orb of electricity engulfs you! You resist.
The orb of electricity engulfs the starcursed mass.
The orb of electricity engulfs your Executioner.
Your Executioner resists.
The orb of electricity engulfs the starcursed mass.
You destroy the starcursed mass!
Makhleb accepts your kill.
You feel better.
The orb of electricity explodes!
The orb of electricity engulfs the starcursed mass.
You destroy the starcursed mass!
Makhleb accepts your kill.
You feel better.
You feel the corruption within you wane completely.
You feel stable. x2
Your lamp of fire has recharged.
The orb of electricity engulfs you!
The orb of electricity engulfs the starcursed mass.
You destroy the starcursed mass!
Makhleb accepts your kill.
You feel better.
Your Fighting skill increases to level 15!
The orb of electricity engulfs the Executioner.
The Executioner resists.
You feel somewhat more hungry.
The substance of the Abyss twists violently, and a gateway leading down appears!
You hear a bellow!
The Executioner hits you but does no damage.
The Executioner hits you. x2
The Executioner hits you but does no damage. x3
The Executioner hits you!! The Executioner barely misses you.
The Executioner hits you but does no damage.
The starcursed mass shrieks in your mind.
You regained 2 hp, and now have 70/141 hp.
Unknown command.
Unknown command.
The Executioner hits you.
The Executioner hits you but does no damage. x2
The Executioner hits you!
The Executioner hits you but does no damage.
The Executioner closely misses you.
You take 12 damage, and have 58/141 hp.
The Executioner closely misses you.
The Executioner hits you but does no damage. x2
The Executioner hits you. The Executioner closely misses you.
The Executioner misses you.
You take 5 damage, and have 53/141 hp.
Unknown command.
You completely miss the starcursed mass.
You punch the starcursed mass, but do no damage.
The Executioner hits you!
* * * LOW HITPOINT WARNING * * *
The Executioner hits you but does no damage.
The Executioner barely misses you.
The starcursed mass engulfs you but does no damage.
The Executioner hits you.
* * * LOW HITPOINT WARNING * * *
The Executioner misses you.
The Executioner hits you but does no damage.
You take 16 damage, and have 37/141 hp.
You punch the starcursed mass!
You destroy the starcursed mass!
Makhleb accepts your kill.
You feel better. The Executioner hits you. x2
The Executioner barely misses you. The Executioner hits you!!
* * * LOW HITPOINT WARNING * * *
The Executioner hits you but does no damage.
The Executioner hits you!
* * * LOW HITPOINT WARNING * * *
You take 20 damage, and have 17/141 hp.
Unknown command.
Here: a golden dragon zombie (heavily damaged)
A gateway leading deeper into the Abyss, spattered with blood.
Unknown command.
The Executioner hits you but does no damage. x2
The Executioner completely misses you.
The Executioner hits you but does no damage.
The Executioner hits you.
* * * LOW HITPOINT WARNING * * *
The Executioner hits you but does no damage.
You take 5 damage, and have 12/141 hp.
You have got your breath back.
The Executioner hits you!!
You die...

# # # .## #. # ..
#... #.# # Z.. ..#
# ## . .# #...###
.. ... # ##...
.####..# ... .....
# #.##
....#....#######@#
# . ##.....Z..1.#
## ###########.#
##


You could see an Executioner and a golden dragon zombie.

Vanquished Creatures
  A tentacled starspawn (Abyss:3)
  A lorocyproca (Abyss:2)
  A yellow draconian (Abyss:3)
  Azrael (D:14)
  Snorg (Lair:3)
  A minotaur (Lab)
  A vault guard (D:14)
  Harold (Orc:1)
  A great orb of eyes (shapeshifter) (D:15)
  Josephine (D:13)
  A great orb of eyes (D:15)
  3 hydras
  A catoblepas (Lair:5)
  5 two-headed ogres
  3 death yaks (Lair:5)
  4 centaur warriors
  An anaconda (Snake:1)
  Urug (D:10)
  A tengu warrior (D:14)
  2 hell hogs (Abyss:2)
  A naga sharpshooter (Snake:1)
  3 skeletal warriors (D:13)
  2 sea snakes (Lair:6)
  A sixfirhy (Abyss:2)
  2 unseen horrors
  A shadow demon (Abyss:2)
  An unseen horror (shapeshifter) (D:14)
  A necromancer (Abyss:2)
  Pikel (D:6)
  4 orc knights
  A deep elf mage (D:14)
  12 ugly things
  6 cyclopes
  An iron dragon zombie (Abyss:2)
  A mana viper (Abyss:2)
  A wolf spider (D:14)
  A fire giant zombie (Abyss:2)
  3 manticores
  A shadow dragon skeleton (Abyss:2)
  2 orc sorcerers (Orc:2)
  2 salamanders
  2 elephants
  5 black mambas
  An eye of devastation (Abyss:2)
  3 centaur zombies
  11 spiny frogs
  A gargoyle (D:11)
  2 rime drakes (Lair:6)
  3 centaur skeletons
  3 yaktaurs (D:12)
  5 komodo dragons
  3 kobold demonologists (D:15)
  A freezing wraith (D:15)
  A redback zombie (D:15)
  2 efreet (D:14)
  2 ancient zymes (Abyss:2)
  8 trolls
  A tengu conjurer (D:15)
  8 polar bears
  A hornet (D:15)
  13 blink frogs
  10 slime creatures
  4 dream sheep (Lair:4)
  7 raiju (Abyss:2)
  A centaur simulacrum (D:14)
  A fire dragon skeleton (Abyss:2)
  A shadow (Abyss:2)
  7 hippogriffs
  A tarantella (shapeshifter) (D:15)
  4 wraiths
  3 wyverns
  A ynoxinul (Abyss:2)
  31 yaks
  2 fire elementals (D:14)
  2 basilisks
  Grum (D:8)
  3 vampire mosquitoes (D:12)
  2 hungry ghosts
  4 large abominations (Abyss:2)
  A warg (shapeshifter) (D:13)
  4 nagas
  A soldier ant (shapeshifter) (D:15)
  4 acid dragons
  11 water moccasins
  A hell hound (D:14)
  A water moccasin (shapeshifter) (Abyss:2)
  39 orc warriors
  3 sky beasts
  2 porcupines (Lair:2)
  A swamp drake (D:9)
  3 ice beasts
  A slave (D:6)
  4 black bears
  4 starcursed masses (Abyss:3)
  4 phantoms
  4 ogres
  6 wolves
  An eye of draining (D:12)
  A necrophage (D:8)
  A boggart (D:15)
  20 centaurs
  11 crocodiles
  4 big kobolds
  A wyvern zombie (D:7)
  13 bullfrogs
  A wyvern skeleton (D:10)
  4 scorpions
  4 wights
  8 killer bees (D:9)
  5 howler monkeys
  6 crimson imps
  2 bullfrog zombies
  4 bullfrog skeletons
  17 orc priests
  6 hounds
  A jelly (D:10)
  2 small abominations (Abyss:2)
  2 iguanas
  16 orc wizards
  7 worker ants
  A killer bee zombie (D:7)
  2 big kobold zombies (Ossuary)
  A hound skeleton (D:5)
  A hound zombie (D:10)
  8 mummies (Ossuary)
  5 worker ant zombies
  7 gnolls
  9 adders
  2 shadow imps
  A white imp (D:9)
  3 adder zombies
  2 worms (D:5)
  A dart slug (D:1)
  4 leopard geckos
  82 orcs
  A ball python (D:1)
  6 bats
  2 giant cockroaches
  8 hobgoblins
  15 jackals
  18 kobolds
  4 quokkas
  6 frilled lizards
  A gnoll zombie (Ossuary)
  8 goblins
  A hobgoblin zombie (Ossuary)
  A jackal skeleton (D:4)
  A leopard gecko skeleton (D:6)
  4 orc zombies (Ossuary)
  A quokka skeleton (D:6)
  9 rats
687 creatures vanquished.

Vanquished Creatures (collateral kills)
  A bone dragon (Abyss:2)
  A dire elephant (Lair:6)
  The ghost of emikaela the Covert, a journeyman FeTm of Dithmenos (Snake:1)
  A naga warrior (Snake:1)
  An anaconda (Snake:1)
  A thrashing horror (Abyss:2)
  A storm dragon zombie (Abyss:2)
  A sixfirhy (Abyss:2)
  A wizard (D:14)
  A necromancer (Abyss:2)
  A mana viper (Snake:1)
  4 oklob plants (Lair:5)
  A cyclops (Orc:1)
  An elephant (Lair:6)
  An apocalypse crab (Abyss:3)
  2 black mambas (Snake:1)
  A guardian serpent (Snake:1)
  2 spiny frogs (Lair:6)
  A komodo dragon (Lair:6)
  An ice devil (Abyss:3)
  An ancient zyme (Abyss:2)
  An efreet (Abyss:3)
  2 hornets (Lair:6)
  A hydra skeleton (Abyss:2)
  4 raiju (Abyss:2)
  A hippogriff (Lair:1)
  A dream sheep (Lair:4)
  2 large abominations (Abyss:3)
  A vampire (Abyss:2)
  A wraith (D:13)
  A redback (Lab)
  A golden eye (Abyss:3)
  6 yaks (Lair:5)
  The ghost of Zigma the Ruffian, an amateur DrMo of Qazlal (D:3)
  A hungry ghost (D:11)
  3 nagas (Snake:1)
  A warg (Orc:1)
  A hell hound (D:13)
  A porcupine (Lair:1)
  7 orc warriors
  2 ogres
  3 wolves (Lair:3)
  5 centaurs
  A crocodile (Lair:6)
  A gnoll sergeant (D:8)
  A jelly (D:10)
  An orc wizard (Orc:1)
  A small abomination (Abyss:2)
  A worm (D:2)
  11 orcs
  A goblin (D:3)
  A quokka (D:11)
  2 kobolds
  A rat (D:1)
  4 plants
99 creatures vanquished.

Vanquished Creatures (others)
  A cyclops (D:11)
  A large abomination (Abyss:3)
  A golden eye (Abyss:3)
  An orc warrior (Orc:2)
  A jelly (D:10)
  An orc priest (D:7)
  An orc wizard (Orc:2)
  2 orcs
  A fungus (Lair:6)
  A plant (Lair:5)
  A starspawn tentacle (Abyss:2)
12 creatures vanquished.

Grand Total: 798 creatures vanquished

Notes
Turn   | Place    | Note
-------+----------+-------------------------------------------
     0 | D:1      | MackTheKnife the Draconian Transmuter began the quest for the Orb.
     0 | D:1      | Reached XP level 1. HP: 16/16 MP: 3/3
   208 | D:1      | Reached XP level 2. HP: 10/23 MP: 5/5
   212 | D:1      | Learned a level 2 spell: Sticks to Snakes
   751 | D:1      | Reached skill level 4 in Unarmed Combat
  1063 | D:1      | HP: 3/23 [gnoll/halberd (11)]
  1111 | D:1      | HP: 1/23 [gnoll/halberd (5)]
  1531 | D:2      | Reached XP level 3. HP: 24/28 MP: 4/6
  2386 | D:2      | Reached skill level 5 in Unarmed Combat
  2386 | D:2      | Reached XP level 4. HP: 31/35 MP: 0/7
  2451 | D:2      | Found a radiant altar of Vehumet.
  2491 | D:2      | Found a bloodstained altar of Trog.
  2957 | D:3      | Found a burning altar of Makhleb.
  2966 | D:3      | Became a worshipper of Makhleb the Destroyer
  3097 | D:3      | Noticed Zigma's ghost (amateur DrMo)
  3247 | D:3      | Found a hazy altar of Hepliaklqana.
  3346 | D:3      | HP: 7/35 [Zigma's ghost (7)]
  3372 | D:3      | HP: 4/35 [Zigma's ghost (7)]
  3380 | D:3      | Killed Zigma's ghost
  3380 | D:3      | Reached skill level 6 in Unarmed Combat
  3380 | D:3      | Reached XP level 5. HP: 24/40 MP: 1/8
  3902 | D:4      | Found an opulent altar of Gozag.
  3945 | D:4      | Found a sand-covered staircase.
  3949 | Ossuary  | Entered an ossuary
  3990 | Ossuary  | HP: 8/40 [mummy (13)]
  3995 | Ossuary  | Reached skill level 2 in Fighting
  3995 | Ossuary  | Reached XP level 6. HP: 9/48 MP: 1/9
  3997 | Ossuary  | HP: 8/48 [gnoll zombie (3)]
  3999 | Ossuary  | Reached * piety under Makhleb
  4002 | Ossuary  | HP: 6/48 [big kobold zombie (3)]
  4105 | Ossuary  | Reached skill level 3 in Fighting
  4614 | D:4      | Gained mutation: Your magical capacity is low. (-10% MP) [potion of mutation]
  4614 | D:4      | Gained mutation: You evolve. [potion of mutation]
  4614 | D:4      | Gained mutation: Your flesh is heat resistant. (rF+) [potion of mutation]
  5088 | D:5      | Entered Level 5 of the Dungeon
  5149 | D:5      | Found a blossoming altar of Fedhas.
  5184 | D:5      | Found a snail-covered altar of Cheibriados.
  5249 | D:5      | Found a shattered altar of Ashenzari.
  5297 | D:5      | Noticed a water moccasin
  5304 | D:5      | Killed a water moccasin
  5304 | D:5      | Reached skill level 4 in Fighting
  5872 | D:5      | Reached skill level 5 in Fighting
  5872 | D:5      | Your scales start taking on a glossy black colour.
  5872 | D:5      | Reached XP level 7. HP: 52/61 MP: 6/9
  5872 | D:5      | Gained mutation: You are resistant to electric shocks. (rElec) [Black Draconian growth]
  5945 | D:6      | Found a staircase to the Ecumenical Temple.
  5985 | D:6      | Reached skill level 6 in Fighting
  6032 | D:6      | Reached skill level 7 in Fighting
  6275 | D:6      | Noticed Pikel
  6292 | D:6      | Killed Pikel
  6292 | D:6      | Reached skill level 8 in Fighting
  6292 | D:6      | Reached skill level 7 in Unarmed Combat
  6292 | D:6      | Reached XP level 8. HP: 44/74 MP: 8/9
  6429 | D:6      | Reached ** piety under Makhleb
  6547 | D:6      | Found a hide-covered altar of Uskayaw.
  6757 | D:7      | Reached skill level 8 in Unarmed Combat
  6794 | D:7      | Learned a level 3 spell: Spider Form
  6825 | D:7      | Reached skill level 1 in Poison Magic
  6937 | D:7      | Found a glowing golden altar of the Shining One.
  6938 | D:7      | Found a basalt altar of Yredelemnul.
  6941 | D:7      | Noticed a profane servitor
  6948 | D:7      | Reached skill level 2 in Poison Magic
  6949 | D:7      | Noticed an angel
  6995 | D:7      | Reached skill level 3 in Transmutations
  7125 | D:7      | Reached skill level 3 in Spellcasting
  7154 | D:7      | Reached XP level 9. HP: 82/82 MP: 12/12
  7204 | D:7      | Identified the Almanac of Damaging Evil
  7536 | D:7      | Reached skill level 3 in Poison Magic
  7922 | D:8      | Noticed Grum
  7933 | D:8      | Reached skill level 4 in Transmutations
  7957 | D:7      | Lost mutation: You evolve. [end of evolution]
  8207 | D:7      | Reached skill level 4 in Spellcasting
  8434 | D:8      | Reached skill level 5 in Transmutations
  8500 | D:8      | Reached skill level 2 in Dodging
  8620 | D:8      | Reached skill level 3 in Dodging
  8830 | D:8      | Noticed a two-headed ogre
  8841 | D:8      | Killed a two-headed ogre
  8841 | D:8      | Reached skill level 5 in Dodging
  8841 | D:8      | Reached XP level 10. HP: 82/89 MP: 10/15
  9203 | D:8      | Killed Grum
  9203 | D:8      | Reached *** piety under Makhleb
  9424 | D:9      | Reached skill level 6 in Dodging
  9692 | D:9      | Reached skill level 7 in Dodging
  9931 | D:9      | Found Xahevur's Food Shoppe.
 10044 | D:9      | Found Dirin's Antique Weapon Shop.
 10275 | D:9      | Found Ystuolev's Gadget Boutique.
 10283 | D:9      | Bought a phial of floods for 560 gold pieces
 10346 | D:9      | Reached skill level 1 in Evocations
 10372 | D:9      | Found a glowing silver altar of Zin.
 10540 | D:9      | Reached **** piety under Makhleb
 10562 | D:10     | Entered Level 10 of the Dungeon
 10570 | D:9      | Reached skill level 2 in Evocations
 10658 | D:10     | Reached skill level 3 in Evocations
 10739 | D:10     | Reached skill level 4 in Evocations
 10786 | D:10     | Noticed Urug
 10794 | D:10     | Killed Urug
 10794 | D:10     | Reached skill level 5 in Evocations
 10943 | D:10     | Noticed an elephant
 11032 | D:10     | Killed an elephant
 11032 | D:10     | Reached skill level 6 in Evocations
 11326 | D:10     | Found a staircase to the Lair.
 11341 | D:10     | Reached XP level 11. HP: 95/95 MP: 6/16
 11450 | D:10     | Noticed an obsidian statue
 11850 | D:11     | Found a labyrinth entrance.
 11885 | Lab      | Entered a labyrinth
 12002 | Lab      | Reached skill level 9 in Fighting
 12126 | Lab      | Noticed a minotaur
 12128 | Lab      | Killed a minotaur
 12130 | Lab      | Got a steaming platinum amulet
 12131 | Lab      | Identified the amulet "Burchos" {RegenMP SInv} (You took it off a minotaur in a labyrinth)
 12145 | Lab      | Got a vibrating bronze amulet
 12226 | D:11     | Reached skill level 9 in Unarmed Combat
 12235 | D:11     | Found a runed door.
 12252 | D:11     | Found a runed door.
 12539 | D:11     | Found a runed door.
 12550 | D:11     | Found a runed door.
 12600 | D:11     | Reached skill level 10 in Unarmed Combat
 12628 | D:11     | Noticed a green ugly thing
 12659 | D:11     | Reached ***** piety under Makhleb
 12666 | D:11     | Killed a green ugly thing
 12709 | D:11     | Reached skill level 11 in Unarmed Combat
 12938 | D:11     | Noticed an obsidian statue
 12940 | D:11     | Noticed a soul eater
 12998 | Lair:1   | Entered Level 1 of the Lair of Beasts
 13425 | Lair:1   | Reached skill level 12 in Unarmed Combat
 13566 | Lair:1   | Identified the amulet of Guopaep {Faith +Blink rN++ Dex+3} (You found it in a labyrinth)
 13606 | Lair:1   | Noticed a two-headed ogre
 13613 | Lair:1   | Killed a two-headed ogre
 13613 | Lair:1   | Reached XP level 12. HP: 105/105 MP: 10/17
 13853 | Lair:2   | Found a staircase to the Snake Pit.
 14124 | Lair:2   | Noticed a five-headed hydra
 14138 | Lair:2   | Killed a five-headed hydra
 14433 | Lair:2   | Reached skill level 8 in Dodging
 14687 | Lair:3   | Noticed Snorg
 14883 | Lair:3   | Reached skill level 10 in Fighting
 14924 | Lair:3   | Killed Snorg
 15060 | Lair:3   | Found a staircase to the Shoals.
 15461 | Lair:4   | Reached skill level 9 in Dodging
 15659 | Lair:4   | Reached skill level 11 in Fighting
 15730 | Lair:4   | Learned a level 4 spell: Animate Dead
 15747 | Lair:4   | Reached skill level 5 in Spellcasting
 15751 | Lair:4   | Reached skill level 1 in Necromancy
 15787 | Lair:4   | Reached skill level 2 in Necromancy
 16276 | Lair:5   | Found a staircase to the Slime Pits.
 16339 | Lair:5   | Reached skill level 3 in Necromancy
 16354 | Lair:5   | Noticed a catoblepas
 16371 | Lair:5   | Killed a catoblepas
 16371 | Lair:5   | Reached skill level 6 in Spellcasting
 16637 | Lair:5   | Noticed a death yak
 16669 | Lair:5   | Killed a death yak
 16671 | Lair:5   | Noticed a death yak
 16675 | Lair:5   | Noticed a death yak
 16691 | Lair:5   | Killed a death yak
 16691 | Lair:5   | Reached skill level 4 in Necromancy
 16713 | Lair:5   | HP: 26/110 [death yak (22)]
 16714 | Lair:5   | Killed a death yak
 16957 | Lair:5   | Reached XP level 13. HP: 116/116 MP: 20/20
 17049 | Lair:5   | Reached skill level 5 in Necromancy
 17145 | Lair:5   | Reached skill level 7 in Spellcasting
 17569 | Lair:6   | Entered Level 6 of the Lair of Beasts
 17727 | Lair:6   | Reached skill level 6 in Necromancy
 18022 | Lair:6   | Reached skill level 8 in Spellcasting
 18572 | Lair:6   | Reached ****** piety under Makhleb
 18613 | Lair:6   | Noticed a dire elephant
 18671 | Lair:6   | Killed a dire elephant
 18791 | Lair:6   | Reached skill level 13 in Unarmed Combat
 19221 | D:12     | Found a roughly hewn altar of Beogh.
 19221 | D:12     | Found a staircase to the Orcish Mines.
 19252 | D:12     | Reached skill level 12 in Fighting
 19984 | Orc:1    | Entered Level 1 of the Orcish Mines
 19998 | Orc:1    | Noticed Harold
 20120 | Orc:1    | Killed Harold
 20499 | Orc:2    | Entered Level 2 of the Orcish Mines
 20702 | Orc:1    | Gained mutation: Your large and strong wings let you fly indefinitely. [Black Draconian growth]
 20702 | Orc:1    | Reached XP level 14. HP: 123/127 MP: 15/23
 21044 | Orc:2    | Found a staircase to the Elven Halls.
 21768 | Orc:2    | Reached skill level 13 in Fighting
 21795 | Orc:2    | Reached skill level 14 in Unarmed Combat
 21826 | Orc:2    | Found Fuang's Food Shoppe.
 21826 | Orc:2    | Found Wooluh's Food Shop.
 21826 | Orc:2    | Found Ashuzxac's Jewellery Boutique.
 21829 | Orc:2    | Found Byuleed's Gadget Emporium.
 21844 | Orc:2    | Bought the ring "Caaf" {rPois MP+9 Str+4 Int+3 SInv Stlth-} for 741 gold pieces
 21981 | Orc:1    | Noticed an orc warlord
 22253 | D:12     | Reached skill level 1 in Invocations
 22461 | D:13     | Reached skill level 2 in Invocations
 22619 | D:13     | Reached skill level 3 in Invocations
 22781 | D:13     | Reached skill level 4 in Invocations
 23334 | D:13     | Reached skill level 5 in Invocations
 23344 | D:14     | Noticed Josephine
 23374 | D:13     | Killed Josephine
 23374 | D:13     | Reached skill level 6 in Invocations
 23508 | D:14     | Noticed Azrael
 23594 | D:14     | Killed Azrael
 23594 | D:14     | Reached skill level 7 in Invocations
 23733 | D:13     | Reached skill level 8 in Invocations
 23845 | D:14     | HP: 31/129 [centaur warrior/arrow (12)]
 23857 | D:14     | HP: 30/129 [centaur warrior (10)]
 24202 | D:14     | Found a gate to the Vaults.
 24216 | D:14     | Reached skill level 9 in Invocations
 24468 | D:14     | Found a glowing golden altar of the Shining One.
 24530 | D:15     | Entered Level 15 of the Dungeon
 24608 | D:15     | Reached skill level 10 in Invocations
 25050 | D:14     | HP: 14/129 [wolf spider (22)]
 25051 | D:14     | HP: 6/129 [wolf spider (9)]
 25322 | D:15     | Reached XP level 15. HP: 94/136 MP: 24/24
 25453 | D:15     | Reached skill level 11 in Invocations
 25950 | D:15     | Found a staircase to the Depths.
 26614 | Snake:1  | Entered Level 1 of the Snake Pit
 26692 | Snake:1  | Noticed emikaela's ghost (journeyman FeTm)
 26701 | Snake:1  | Killed emikaela's ghost
 26901 | Snake:1  | Found Xotwy's General Store.
 27040 | Snake:1  | Bought a potion of haste for 170 gold pieces
 27106 | Snake:1  | Cast into level 2 of the Abyss (naga warrior)
 27117 | Abyss:2  | Noticed a tentacled starspawn
 27118 | Abyss:2  | Reached skill level 14 in Fighting
 27193 | Abyss:2  | Found a sparkling altar of Nemelex Xobeh.
 27220 | Abyss:2  | Found a sparkling altar of Nemelex Xobeh.
 27545 | Abyss:2  | HP: 21/138 [lorocyproca (23)]
 27550 | Abyss:2  | HP: 21/138 [lorocyproca (11)]
 27665 | Abyss:2  | Noticed a tentacled starspawn
 27734 | Abyss:2  | Reached skill level 15 in Unarmed Combat
 27872 | Abyss:2  | Noticed a bone dragon
 27890 | Abyss:2  | Killed a bone dragon
 27999 | Abyss:2  | Noticed a tentacled starspawn
 28003 | Abyss:2  | HP: 28/139 [hell hog (15)]
 28076 | Abyss:2  | HP: 33/139 [hellion/damnation (29)]
 28084 | Abyss:2  | HP: 28/139 [merfolk siren/spear[a worldbinder] (1)]
 28085 | Abyss:3  | Found a corrupted altar of Lugonu.
 28219 | Abyss:3  | Paralysed by you for 2 turns
 28238 | Abyss:3  | Noticed a tentacled starspawn
 28245 | Abyss:3  | Killed a tentacled starspawn
 28275 | Abyss:3  | Noticed a tentacled starspawn
 28490 | Abyss:3  | Reached skill level 15 in Fighting
 28494 | Abyss:3  | HP: 26/141 [Executioner[the player character] (21)]
 28495 | Abyss:3  | HP: 12/141 [Executioner[the player character] (5)]
 28496 | Abyss:3  | Mangled by an Executioner

Vault maps used:
D:1:      dpeg_arrival_boxes_within_box, minmay_misc_feat_five,
          chequers_big_river, hangedman_decor_points, nrook_mini_backslash
D:2:      vehumet_crystals, nicolae_overflow_hidden_temple,
          lightli_temple_of_fire, minmay_misc_feat_hallway
D:3:      old_standard_altar, old_standard_altar
D:4:      grunt_gozag_statues, enter_ossuary_5
D:5:      fedhas_altar_2, cheibrodos_worm_habitat, nicolae_ashenzari_panopticon,
          first_bread
D:6:      lemuel_crystal_altar, minmay_temple_entry_glass, uniq_pikel
D:7:      grunt_temple_overflow_holy_war
D:8:      blue_anna_alchemist, uniq_grum
D:9:      lemuel_coloured_pillars_altar, serial_shops,
          nicolae_shop_temple_entry_statues_fountains, shop,
          nicolae_shop_behind_doors, minmay_fire_ice_demons
D:10:     david_lair_generic, david_greed, uniq_urug
D:11:     lab_entry_generic, minmay_statue_crystal_thing
D:12:     david_orc_5, kennysheep_generic_room_10
D:14:     david_vaults_5, glass_columns_b, tso_altar, uniq_azrael,
          uniq_josephine
D:15:     hangedman_depths_entry_try_elsewhere_first,
          portal_ice_cave_entry_pillars_1, hangedman_abyss_or_decor_slice,
          minmay_checkerbox
Lair:1:   grunt_megastairs_2
Lair:2:   guppyfry_snake_entry_island
Lair:3:   minmay_shoals_entry_beasts, minmay_lair_oklob_bushes,
          serial_bayou_shore_a, uniq_snorg
Lair:4:   beast_lair_carwin_10
Lair:5:   slime_dummy, minmay_lair_oklob_chamber
Lair:6:   gammafunk_lair_ancient_temple, st_stairs_11
Snake:1:  serial_shops, shop, uniq_nikola
Orc:1:    uniq_harold
Orc:2:    st_orc_rangers
Abyss:2:  abyss_furniture_001
Abyss:3:  abyss_fake_exit, hangedman_abyss_rune_macabre_mess, bh_abyss_negative
Lab:      labyrinth_mini_lab, nicolae_lab_lava, nicolae_lab_big_swirl,
          nicolae_lab_garden, labyrinth_skeletal_remains
Ossuary:  ossuary_tomb_3

Skill      XL: |  1  2  3  4  5  6  7  8  9 10 11 12 13 14 15 |
---------------+----------------------------------------------+-----
Unarmed Combat | 4 5 6 7 8 12 13 14 15 | 15.5
Fighting       | 2 5 8 9 11 12 13 15 | 15.0
Poison Magic   | 2 3 |  3.2
Transmutations | 3 5 |  5.4
Spellcasting   | 3 4 6 8 |  8.3
Dodging        | 5 7 9 |  9.3
Evocations     | 6 |  6.2
Necromancy     | 4 6 |  6.1
Invocations    | 10 11 | 11.3

Action                   |  1- 3 |  4- 6 |  7- 9 | 10-12 | 13-15 || total
-------------------------+-------+-------+-------+-------+-------++-------
Melee: Unarmed           |    98 |   254 |   420 |   888 |  1826 ||  3486
       Headbutt          |     2 |       |     2 |    32 |    78 ||   114
       Tailslap          |     8 |    28 |    59 |   125 |   357 ||   577
       Kick              |     1 |     1 |    15 |       |       ||    17
       Punch             |       |     8 |    12 |    38 |   172 ||   230
 Cast: Beastly Appendage |     3 |     1 |     7 |    19 |    22 ||    52
       Sticks to Snakes  |     8 |    25 |    21 |    76 |    51 ||   181
       Spider Form       |       |       |     3 |    20 |       ||    23
       Animate Dead      |       |       |       |       |    37 ||    37
Invok: Greater Servant o |       |       |       |       |     7 ||     7
       Lesser Servant of |       |       |       |       |     2 ||     2
 Abil: Breathe Lightning |       |       |     6 |    12 |    20 ||    38
       End Transformatio |       |       |     1 |     7 |       ||     8
       Fly               |       |       |       |       |     1 ||     1
Evoke: Wand              |       |    13 |       |    19 |     6 ||    38
       Phial of floods   |       |       |       |     2 |     5 ||     7
       Sack of spiders   |       |       |       |       |     4 ||     4
       Lamp of fire      |       |       |       |       |     3 ||     3
  Use: Potion            |       |     5 |       |     1 |    17 ||    23
       Scroll            |       |    19 |     6 |    16 |    17 ||    58
 Stab: Distracted        |     2 |     2 |     4 |     8 |    19 ||    35
       Sleeping          |     1 |     1 |     1 |     5 |     2 ||    10
       Betrayed ally     |       |       |       |     1 |       ||     1
       Paralysed         |       |       |       |       |    11 ||    11
  Eat: Chunk             |     3 |     9 |     7 |    21 |    32 ||    72
       Royal jelly       |     1 |       |     1 |       |     1 ||     3
       Bread ration      |       |     1 |     1 |     3 |     3 ||     8
       Meat ration       |       |       |       |       |     1 ||     1
Armor: Skin              |    32 |    56 |   114 |   216 |   615 ||  1033
Dodge: Dodged            |    69 |   128 |   258 |   718 |  1737 ||  2910

Vault maps used:
D:1:      dpeg_arrival_boxes_within_box, minmay_misc_feat_five,
          chequers_big_river, hangedman_decor_points, nrook_mini_backslash
D:2:      vehumet_crystals, nicolae_overflow_hidden_temple,
          lightli_temple_of_fire, minmay_misc_feat_hallway
D:3:      old_standard_altar, old_standard_altar
D:4:      grunt_gozag_statues, enter_ossuary_5
D:5:      fedhas_altar_2, cheibrodos_worm_habitat, nicolae_ashenzari_panopticon,
          first_bread
D:6:      lemuel_crystal_altar, minmay_temple_entry_glass, uniq_pikel
D:7:      grunt_temple_overflow_holy_war
D:8:      blue_anna_alchemist, uniq_grum
D:9:      lemuel_coloured_pillars_altar, serial_shops,
          nicolae_shop_temple_entry_statues_fountains, shop,
          nicolae_shop_behind_doors, minmay_fire_ice_demons
D:10:     david_lair_generic, david_greed, uniq_urug
D:11:     lab_entry_generic, minmay_statue_crystal_thing
D:12:     david_orc_5, kennysheep_generic_room_10
D:14:     david_vaults_5, glass_columns_b, tso_altar, uniq_azrael,
          uniq_josephine
D:15:     hangedman_depths_entry_try_elsewhere_first,
          portal_ice_cave_entry_pillars_1, hangedman_abyss_or_decor_slice,
          minmay_checkerbox
Lair:1:   grunt_megastairs_2
Lair:2:   guppyfry_snake_entry_island
Lair:3:   minmay_shoals_entry_beasts, minmay_lair_oklob_bushes,
          serial_bayou_shore_a, uniq_snorg
Lair:4:   beast_lair_carwin_10
Lair:5:   slime_dummy, minmay_lair_oklob_chamber
Lair:6:   gammafunk_lair_ancient_temple, st_stairs_11
Snake:1:  serial_shops, shop, uniq_nikola
Orc:1:    uniq_harold
Orc:2:    st_orc_rangers
Abyss:2:  abyss_furniture_001
Abyss:3:  abyss_fake_exit, hangedman_abyss_rune_macabre_mess, bh_abyss_negative
Lab:      labyrinth_mini_lab, nicolae_lab_lava, nicolae_lab_big_swirl,
          nicolae_lab_garden, labyrinth_skeletal_remains
Ossuary:  ossuary_tomb_3

Table legend:
 A = Turns spent in this place as a percentage of turns spent in the entire game.
 B = Non-inter-level travel turns spent in this place as a percentage of non-inter-level travel turns spent in the entire game.
 C = Inter-level travel turns spent in this place as a percentage of turns spent in this place.
 D = Turns resting spent in this place as a percentage of non-inter-level travel turns spent in this place.
 E = Turns spent auto-exploring this place as a percentage of non-inter-level travel turns spent in this place.
 F = Non-inter-level travel turns spent in this place divided by the number of levels of this place that you've seen.
                   A       B       C       D       E      F
               +-------+-------+-------+-------+-------+----------------------
         Total | 100.0 | 100.0 |   0.5 |   2.5 |   6.8 | 387.4
       Dungeon |  56.8 |  56.7 |   0.7 |   2.7 |   8.2 | 410.3
          Lair |  20.4 |  20.4 |   0.4 |   2.4 |   5.7 | 369.7
     Snake Pit |   1.8 |   1.8 |   0.0 |   3.6 |   5.1 | 197.0
  Orcish Mines |   8.1 |   8.1 |   0.3 |   1.7 |   7.8 | 439.5
         Abyss |   9.4 |   9.5 |   0.0 |   2.8 |   0.9 | 514.5
     Labyrinth |   2.1 |   2.1 |   0.0 |   1.7 |   0.0 | 231.0
       Ossuary |   1.3 |   1.3 |   0.0 |   1.4 |   9.4 | 139.0
               +-------+-------+-------+-------+-------+----------------------

Table legend:
 A = Kills in this place as a percentage of kills in entire the game.
 B = Kills by you in this place as a percentage of kills by you in the entire game.
 C = Kills by friends in this place as a percentage of kills by friends in the entire game.
 D = Other kills in this place as a percentage of other kills in the entire game.
 E = Experience gained in this place as a percentage of experience gained in the entire game.
 F = Experience gained in this place divided by the number of levels of this place that you have seen.
                   A       B       C       D       E      F
               +-------+-------+-------+-------+-------+----------------------
         Total | 100.0 | 100.0 | 100.0 | 100.0 | 100.0 | 5168.4
       Dungeon |  59.3 |  64.1 |  24.2 |  50.0 |  47.0 | 4535.7
          Lair |  16.6 |  15.5 |  25.3 |   0.0 |  25.2 | 6070.0
     Snake Pit |   1.9 |   0.7 |  10.5 |   0.0 |   3.9 | 5581.0
  Orcish Mines |  12.9 |  12.0 |  18.9 |  50.0 |   7.1 | 5134.5
         Abyss |   7.0 |   5.2 |  20.0 |   0.0 |  15.9 | 11477.0
     Labyrinth |   0.3 |   0.1 |   1.1 |   0.0 |   0.9 | 1276.0
       Ossuary |   2.0 |   2.3 |   0.0 |   0.0 |   0.1 | 178.0
               +-------+-------+-------+-------+-------+----------------------
